 Dungeon Crawl Stone Soup version 0.30.1 (webtiles) character file.

Game seed: 7658503293712245774

1303 Graphine the Covert (level 8, -4/43 HPs)
             Began as a Kobold Brigand on July 4, 2023.
             Was an Initiate of Wu Jian.
             Slain by a basilisk (14 damage)
             ... on level 9 of the Dungeon.
             The game lasted 00:07:51 (4632 turns).

Graphine the Covert (Kobold Brigand)                Turns: 4632, Time: 00:07:52

Health: -4/43      AC:  3    Str:  8    XL:     8   Next: 87%
Magic:  8/8        EV: 17    Int: 12    God:    Wu Jian [......]
Gold:   168        SH:  0    Dex: 19    Spells: 7/7 levels left

rFire   . . .        v - +2 dagger (venom)
rCold   + . .        (no shield)
rNeg    . . .        b - +0 robe
rPois   .            (helmet restricted)
rElec   .            s - scarf {repulsion}
rCorr   .            (no gloves)
SInv    .            r - +0 pair of boots
Will    .....        o - amulet of regeneration
Stlth   ++++++       (no ring)
HPRegen 1.07/turn    (no ring)
MPRegen 0.11/turn

%: repel missiles
@: mighty
A: small, no large weapons, nightstalker 3, horns 1, cold resistance 1, frail 1
a: Renounce Religion


You were on level 9 of the Dungeon.
You worshipped Wu Jian.
Wu Jian was noncommittal.
You visited 2 branches of the dungeon, and saw 8 of its levels.

You collected 300 gold pieces.
You spent 132 gold pieces at shops.

Inventory:

Hand Weapons
 a - a +2 dagger
 j - a +2 dagger of flaming
 v - a +2 dagger of venom (weapon)
Missiles
 d - 18 poisoned darts (quivered)
 e - 9 curare-tipped darts
Armour
 b - a +0 robe (worn)
 r - a +0 pair of boots (worn)
 s - a scarf of repulsion (worn)
Jewellery
 o - an amulet of regeneration (around neck)
 u - a ring of flight
Wands
 l - a wand of flame (6)
Scrolls
 c - 2 scrolls of enchant armour {unknown}
 i - a scroll of immolation
 n - 2 scrolls of fog
 q - 2 scrolls of teleportation
Potions
 f - 2 potions of mutation
 g - a potion of might
 h - a potion of heal wounds {unknown}
 k - 3 potions of flight
 m - 2 potions of haste
 p - a potion of curing {unknown}
 t - a potion of brilliance {unknown}
 w - a potion of ambrosia {unknown}


   Skills:
 + Level 4.9 Fighting
 * Level 7.8 Short Blades
 - Level 3.0 Throwing
 + Level 4.8 Dodging
 * Level 9.8 Stealth


You had 7 spell levels left.
You didn't know any spells.
Your spell library contained the following spells:

 Spells                   Type           Power      Damage    Failure   Level
 Beastly Appendage        Tmut           0%         N/A       32%         1
 Poisonous Vapours        Pois/Air       0%         N/A       45%         2
 Wereblood                Tmut           0%         N/A       45%         2
 Mephitic Cloud           Conj/Pois/Air  0%         N/A       69%         3
 Portal Projectile        Hex/Tloc       0%         N/A       69%         3
 Spider Form              Tmut/Pois      0%         N/A       69%         3
 Tukima's Dance           Hex            0%         N/A       69%         3
 Vhi's Electric Charge    Tloc/Air       0%         N/A       69%         3
 Blade Hands              Tmut           0%         N/A       100%        5
 Freezing Cloud           Conj/Ice/Air   0%         6-21      100%        5
 Simulacrum               Ice/Necr       0%         N/A       100%        6
 Infestation              Necr           0%         N/A       100%        8


Dungeon Overview and Level Annotations

Branches:
Dungeon (6/15)             Temple (1/1) D:6

Altars:
Cheibriados
Dithmenos
Elyvilon
Gozag
Kikubaaqudgha
Okawaru
Qazlal
Ru
Sif Muna
Trog
Uskayaw
Vehumet
Wu Jian
Xom
Zin
The Shining One

Shops:
D:4 *   D:6 *


Innate Abilities, Weirdness & Mutations

You are small and have problems with some larger weapons.
You are completely attuned to the shadows.
You have a pair of small horns on your head.
Your flesh is cold resistant. (rC+)
You are frail. (-10% HP)


Message History

The wyvern barely misses you. The wyvern misses you.
Hit: v) +2 dagger (venom)
Press: ? - help, Dir - move target, f/p - wyvern
Aim: a wyvern (moderately wounded, extremely poisoned, about 29% to evade your +2 dagger of venom)
You hit the wyvern.
The wyvern looks as sick as possible!
The wyvern is moderately wounded.
Unknown command.
Okay, then.
Hit: v) +2 dagger (venom)
Press: ? - help, Dir - move target, f/p - wyvern
Aim: a wyvern (moderately wounded, extremely poisoned, about 29% to evade your +2 dagger of venom)
You closely miss the wyvern.
The wyvern is moderately wounded.
The wyvern bites you!
It was a potion of might.
You feel very mighty all of a sudden. The wyvern bites you.
The wyvern completely misses you.
Hit: v) +2 dagger (venom)
Press: ? - help, Dir - move target, f/p - wyvern
Aim: a wyvern (severely wounded, extremely poisoned, about 29% to evade your +2 dagger of venom)
You puncture the wyvern!
You kill the wyvern!
The Council accepts your kill.
You are too injured to fight recklessly!
You lunge at the basilisk, in a flurry of attacks.
You closely miss the basilisk. You headbutt the basilisk!
The basilisk is moderately wounded.
You puncture the basilisk!
The basilisk is poisoned.
The basilisk is heavily wounded.
The basilisk bites you!
* * * LOW HITPOINT WARNING * * *
You see here a wyvern corpse.
Hit: v) +2 dagger (venom)
Press: ? - help, Dir - move target, f - basilisk
Aim: a basilisk (heavily wounded, very poisoned, about 34% to evade your +2 dagger of venom)
You hit the basilisk.
The basilisk looks as sick as possible!
You headbutt the basilisk!
The basilisk is almost dead.
The basilisk bites you!
You die...

. #####.# ......#
.#.#### .♣l. #..######
...P #.#.##..# .P..
#.#.##..############....
#.##.#..>......@l.......
#.##.##.############..#.
+.....# #.# ##.##.# .#
#.#..# # .##### #.


You could see a basilisk (extremely poisoned).

Vanquished Creatures
  Sigmund (D:4)
  2 wyverns (D:9)
  A water moccasin (D:6)
  A black bear (D:4)
  2 ogres
  A phantom (D:5)
  A scorpion (D:6)
  3 hounds
  A jelly (D:4)
  A sleepcap (D:5)
  An iguana (D:4)
  An orc wizard (D:3)
  A gnoll (D:1)
  4 adders
  A shadow imp (D:5)
  3 worms
  A dart slug (D:2)
  8 orcs
  15 endoplasms
  A giant cockroach (D:1)
  10 hobgoblins
  2 jackals (D:1)
  7 quokkas
  6 ball pythons
  5 bats
  6 frilled lizards
  7 goblins
  5 kobolds
  6 rats
104 creatures vanquished.

Notes
Turn   | Place    | Note
-------+----------+-------------------------------------------
     0 | D:1      | Graphine the Kobold Brigand began the quest for the Orb.
     0 | D:1      | Reached XP level 1. HP: 12/12 MP: 1/1
   183 | D:1      | Reached XP level 2. HP: 17/17 MP: 2/2
   261 | D:1      | Found a faded altar of an unknown god.
   399 | D:1      | Reached XP level 3. HP: 22/22 MP: 3/3
  1096 | D:2      | Reached skill level 6 in Stealth
  1096 | D:2      | Reached XP level 4. HP: 27/27 MP: 4/4
  1570 | D:2      | Gained mutation: Your flesh is cold resistant. (rC+)
                  | [potion of mutation]
  1570 | D:2      | Gained mutation: You are frail. (-10% HP) [potion of
                  | mutation]
  1570 | D:2      | Gained mutation: You have a pair of small horns on your
                  | head. [potion of mutation]
  1610 | D:3      | Reached XP level 5. HP: 28/28 MP: 5/5
  2674 | D:4      | Found Nierats's General Store.
  2685 | D:4      | Found a shimmering blue altar of Sif Muna.
  2685 | D:4      | Found a snail-covered altar of Cheibriados.
  2853 | D:4      | Bought a scarf of repulsion for 132 gold pieces
  2945 | D:4      | Found a shimmering altar of Xom.
  2948 | D:4      | Found a shimmering altar of Xom.
  2948 | D:4      | Found a shimmering altar of Xom.
  2972 | D:4      | Reached XP level 6. HP: 33/33 MP: 6/6
  3089 | D:4      | Reached skill level 7 in Stealth
  3089 | D:4      | Noticed a black bear
  3092 | D:4      | Killed a black bear
  3093 | D:4      | Reached skill level 5 in Short Blades
  3149 | D:4      | Reached XP level 7. HP: 36/36 MP: 7/7
  3296 | D:4      | Noticed Sigmund
  3300 | D:4      | Killed Sigmund
  3301 | D:4      | Reached skill level 8 in Stealth
  3562 | D:5      | Entered Level 5 of the Dungeon
  3821 | D:5      | Got the Compilation of Lethal Locality
  3843 | D:5      | Reached XP level 8. HP: 43/43 MP: 8/8
  4029 | D:5      | Noticed a two-headed ogre
  4154 | D:6      | Found Zin's Purification Station.
  4154 | D:6      | Found a glowing silver altar of Zin.
  4277 | D:6      | Reached skill level 9 in Stealth
  4448 | D:6      | Found a staircase to the Ecumenical Temple.
  4456 | Temple   | Entered the Ecumenical Temple
  4463 | Temple   | Became a worshipper of the Wu Jian Council
  4562 | D:6      | You fall into a shaft and drop 3 floors!
  4585 | D:9      | Noticed a wyvern
  4586 | D:9      | Noticed a yak
  4600 | D:9      | Killed a wyvern
  4615 | D:9      | Noticed a basilisk
  4616 | D:9      | Noticed a wyvern
  4630 | D:9      | Killed a wyvern
  4632 | D:9      | Slain by a basilisk

Illustrated notes

Levels and vault maps discovered:
D:1:      psy_arrival_fountain, layout_rooms, basic_ecumenical_altar
D:2:      layout_rooms
D:3:      layout_loops_corners, gup_sewer_entry_glass
D:4:      layout_loops_ring, xom_redecorated, gammafunk_temple_overflow_wave,
          serial_shops, shop, uniq_sigmund
D:5:      cheibrodos_fzero, layout_basic, serial_shops,
          nicolae_shop_hallway_plus, fountainhead
D:6:      layout_layer_cave, zin_purify, fedhas_altar_4,
          nemelex_spade_bored_becter, minmay_temple_entry_mini_moons,
          minmay_misc_feat_x
D:9:      layout_roguey, minmay_lair_entry_grove, serial_glass, glass_columns_a,
          glass_columns_a, interstate_on_off, onia_ninara_dug_in_and_dangerous
Temple:   nicolae_temple_no_exploring_needed

Skill      XL: |  1  2  3  4  5  6  7  8 |
---------------+-------------------------+-----
Short Blades   | 3 4 5 6 7 |  7.8
Dodging        | 2 3 4 |  4.8
Stealth        | 6 7 8 9 |  9.8
Fighting       | 3 4 |  4.9
Throwing       | 3 |  3.0

Action                     |  1- 3 |  4- 6 |  7- 9 || total
---------------------------+-------+-------+-------++-------
  Melee: Dagger            |    55 |    94 |    88 ||   237
         Punch             |     1 |       |     1 ||     2
         Headbutt          |       |    11 |    22 ||    33
Ability: Lunge             |       |       |     1 ||     1
    Use: Scroll            |     2 |     2 |     5 ||     9
         Potion            |       |     1 |     1 ||     2
   Stab: Sleeping          |    22 |    31 |     9 ||    62
         Distracted        |       |     1 |       ||     1
 Armour: Robe              |    10 |     6 |     3 ||    19
  Dodge: Dodged            |    17 |    29 |    42 ||    88
